 Dungeon Crawl Stone Soup version 0.14.0-18-g0341e45 (webtiles) character file.

2616 badp the Magician (level 9, -2/47 HPs)
             Began as a Spriggan Enchanter on Apr 20, 2014.
             Was an Initiate of Kikubaaqudgha.
             Slain by a hog (11 damage)
             ... on Level 7 of the Dungeon.
             The game lasted 00:57:44 (6823 turns).

badp the Magician (Spriggan Enchanter)              Turns: 6823, Time: 00:57:45

HP  -2/47        AC  3     Str  8      XL: 9   Next: 20%
MP   7/27        EV 21     Int 18      God: Kikubaaqudgha [......]
Gold 264         SH  0     Dex 17      Spells:  3 memorised, 14 levels left

rFire  . . .     SeeInvis +     o - +0,+3 short sword (speed)
rCold  . . .     Clarity  .     b - +1 robe
rNeg   . . .     Conserve .     (shield restricted)
rPois  .         rCorr    .     (helmet restricted)
rElec  .         rRot     .     (no cloak)
SustAb . .       Spirit   .     (gloves unavailable)
rMut   .         Warding  .     (boots unavailable)
Saprov . . .     Stasis   .     (no amulet)
MR     +....                    k - ring of see invisible
                                i - +3 ring of strength

@: very slightly contaminated, very quick, somewhat resistant to hostile
enchantments, very stealthy
A: unfitting armour, see invisible, herbivore 3, speed 3, slow metabolism 2
a: Renounce Religion


You were on level 7 of the Dungeon.
You worshipped Kikubaaqudgha.
Kikubaaqudgha was noncommittal.
You were full.

You visited 2 branches of the dungeon, and saw 8 of its levels.

You collected 338 gold pieces.
You spent 74 gold pieces at shops.

Inventory:

Hand weapons
 a - a +2,+2 dagger
 o - a +0,+3 short sword of speed (weapon)
 p - a +1,+2 dagger of electrocution
 y - a cursed -2,-1 dagger
Missiles
 d - 12 darts (quivered)
Armour
 b - a +1 robe (worn)
Magical devices
 v - a wand of heal wounds (1)
Comestibles
 n - 6 bread rations
Scrolls
 e - 7 scrolls of remove curse
 h - 2 scrolls of recharging
 s - a scroll of fog {unknown}
 t - 3 scrolls of amnesia
 w - a scroll of teleportation
Jewellery
 f - an uncursed ring of fire
 i - a +3 ring of strength (left hand)
 k - a ring of see invisible (right hand)
Potions
 g - a potion of resistance {unknown}
 l - a potion of might
 m - a potion of lignification {unknown}
 q - 2 potions of brilliance
 r - a potion of restore abilities
 u - a potion of paralysis {unknown}
 x - a potion of porridge
 z - a potion of haste {unknown}
 A - a potion of confusion {unknown}
Books
 c - a book of Maledictions

   Spells                             Type                      Level
   *Corona                            Hexes                        1
   Sure Blade                         Hexes/Charms                 2
   *Ensorcelled Hibernation           Hexes/Ice                    2
   *Confuse                           Hexes                        3
   Enslavement                        Hexes                        4
   Invisibility                       Hexes                        6


   Skills:
 * Level 5.2 Fighting
 + Level 4.3 Short Blades
 - Level 1.1 Throwing
 - Level 5.4 Dodging
 + Level 6.3 Stealth
 + Level 6.4 Spellcasting
 + Level 5.0 Hexes
 * Level 4.9 Ice Magic


You had 14 spell levels left.
You knew the following spells:

 Your Spells              Type           Power        Failure   Level  Hunger
a - Corona                Hex            ###....      1%          1    None
b - Ensorcelled Hibernat  Hex/Ice        ###...       1%          2    None
c - Confuse               Hex            ###.....     4%          3    ##.....


Dungeon Overview and Level Annotations

Branches:
Dungeon (7/15)             Temple (1/1) D:7

Altars:
Ashenzari
Cheibriados
Dithmenos
Elyvilon
Kikubaaqudgha
Makhleb
Okawaru
Trog
Yredelemnul
Zin
The Shining One
Beogh

Shops:
D:4 *


Innate Abilities, Weirdness & Mutations

You are tiny and cannot use many weapons and most armour.
You have supernaturally acute eyesight.
You are a herbivore.
You cover ground extremely quickly.
You need consume almost no food.


Message History

Press: ? - help, Shift-Dir - straight line, f/p - hog
Aim: a hog The hog resists.
Casting: Confuse
Confirm with . or Enter, or press ? or * to list all spells.
Aiming: Confuse
Press: ? - help, Shift-Dir - straight line, f/p - hog
Aim: a hog The hog resists.
There is an open door here.
Casting: Confuse
Confirm with . or Enter, or press ? or * to list all spells.
Aiming: Confuse
Press: ? - help, Shift-Dir - straight line, f/p - hog
Aim: a hog The hog appears confused.
There is an open door here.
The hog bites you!
You die...
Kikubaaqudgha rasps: "You have failed me!
Welcome... death!"

#'### ######+## ##'##### ....#
#......# #####......# ....#####
#......###...'......##
....'...####......##..###......+.
....###...##......#..####......##
....# ###..'......'.###........##
....# ####Y.....### #._......##
##'## #......# #........# #..#
#....@.# ######+### ##.##
#####h## #..## #..# #.# ##..#
##.# #.# ##.# ####'### ##.#
#########'## .......#
###..#####..........# .......#
#........'..........#
.......######.#.######..........'
.......'......#.# #........).#


You could see a hog (confused) and a sheep.

Vanquished Creatures
  Pikel (D:4)
  A hog (D:7)
  A human (D:7)
  Edmund (D:4)
  Blork the orc (D:4)
  A hungry ghost (D:7)
  An orc warrior (D:5)
  3 ogres
  2 centaurs
  A crimson imp (D:6)
  2 orc priests
  3 hounds
  Natasha (twice) (D:4)
  6 orc wizards
  2 iguanas
  6 worker ants
  A sheep (D:7)
  Jessica (D:3)
  4 gnolls (D:2)
  7 adders
  A giant mite (D:1)
  An inept feature mimic (D:5)
  A shadow imp (D:5)
  A worm (D:6)
  2 giant eyeballs
  34 orcs
  5 giant cockroaches
  15 goblins
  6 hobgoblins
  5 jackals
  14 kobolds
  A quokka (D:7)
  5 bats
  3 giant geckos
  6 giant newts
  2 hobgoblin zombies (D:6)
  A kobold zombie (D:5)
  An orc zombie (D:7)
  A quokka zombie (D:6)
  7 rats
  A rat skeleton (D:4)
160 creatures vanquished.

Vanquished Creatures (others)
  A slave (D:4)
  A scorpion (D:4)
2 creatures vanquished.

Grand Total: 162 creatures vanquished

Notes
Turn   | Place    | Note
--------------------------------------------------------------
     0 | D:1      | badp, the Spriggan Enchanter, began the quest for the Orb.
     0 | D:1      | Reached XP level 1. HP: 9/9 MP: 4/4
   276 | D:1      | Reached XP level 2. HP: 13/13 MP: 8/8
   280 | D:1      | Learned a level 2 spell: Ensorcelled Hibernation
   575 | D:2      | Found Zin's Purification Station.
   575 | D:2      | Found a glowing silver altar of Zin.
   582 | D:2      | Bought a potion of curing for 60 gold pieces
  1019 | D:2      | Reached skill level 1 in Fighting
  1019 | D:2      | Reached XP level 3. HP: 18/18 MP: 8/11
  1079 | D:2      | Reached skill level 4 in Stealth
  1383 | D:1      | Learned a level 3 spell: Confuse
  1443 | D:2      | Reached skill level 1 in Ice Magic
  1443 | D:2      | Reached XP level 4. HP: 22/22 MP: 0/13
  1762 | D:2      | +0, +2 short sword of speed
  2354 | D:3      | Noticed Jessica
  2367 | D:3      | Killed Jessica
  2367 | D:3      | Reached XP level 5. HP: 26/26 MP: 13/16
  2641 | D:4      | Found Opuaruah's General Store.
  2651 | D:4      | Bought a potion of poison for 14 gold pieces
  2684 | D:4      | Noticed Natasha
  2689 | D:4      | Killed Natasha
  2933 | D:4      | Noticed Natasha
  2942 | D:4      | Killed Natasha
  2968 | D:4      | Noticed Edmund
  2978 | D:4      | Noticed Blork the orc
  3007 | D:4      | Killed Edmund
  3007 | D:4      | Reached XP level 6. HP: 32/32 MP: 4/20
  3120 | D:4      | Noticed Pikel
  3121 | D:4      | Noticed a slave
  3121 | D:4      | Noticed a slave
  3122 | D:4      | Noticed a slave
  3124 | D:4      | Noticed a slave
  3180 | D:4      | Killed Pikel
  3180 | D:4      | Reached skill level 5 in Dodging
  3180 | D:4      | Reached XP level 7. HP: 19/36 MP: 1/22
  3353 | D:4      | Killed a freed slave
  3362 | D:4      | Killed Blork the orc
  3403 | D:4      | Reached skill level 5 in Spellcasting
  3891 | D:5      | Entered Level 5 of the Dungeon
  4221 | D:5      | Reached XP level 8. HP: 42/42 MP: 21/24
  4945 | D:5      | Found a roughly hewn altar of Beogh.
  5036 | D:5      | Found an iron altar of Okawaru.
  5082 | D:5      | Reached skill level 5 in Stealth
  5460 | D:6      | Reached skill level 6 in Spellcasting
  5739 | D:7      | Found a staircase to the Ecumenical Temple.
  5748 | Temple   | Entered the Ecumenical Temple
  5933 | Temple   | Became a worshipper of Kikubaaqudgha
  6026 | D:7      | Found a burning altar of Makhleb.
  6438 | D:7      | Reached skill level 5 in Fighting
  6438 | D:7      | Reached XP level 9. HP: 45/47 MP: 21/27
  6724 | D:7      | Reached skill level 5 in Hexes
  6823 | D:7      | Slain by a hog

Action                   |  1- 3 |  4- 6 |  7- 9 || total
-------------------------+-------+-------+-------++-------
Melee: Dagger            |    57 |    13 |       ||    70
       Short sword       |       |    63 |   347 ||   410
 Cast: Corona            |     5 |       |       ||     5
       Ensorcelled Hiber |    21 |    34 |    62 ||   117
       Confuse           |     2 |     7 |    22 ||    31
  Use: Scroll            |     7 |     4 |     3 ||    14
       Potion            |     2 |     2 |     5 ||     9
 Stab: Sleeping          |    18 |    17 |    43 ||    78
       Confused          |     1 |     6 |     6 ||    13
       Distracted        |       |       |     2 ||     2
